 Dungeon Crawl Stone Soup version 0.29-a0-575-g0dc89cf053 (webtiles) character file.

Game seed: 17218556943826186851

119 DocClef the Covert (level 5, -4/47 HPs)
             Began as a Gnoll Delver on June 12, 2022.
             Shot with an arrow by a centaur (6 damage)
             ... on level 6 of the Dungeon.
             The game lasted 00:01:14 (899 turns).

DocClef the Covert (Gnoll Delver)                    Turns: 899, Time: 00:01:15

Health: -4/47      AC:  3    Str: 12    XL:     5   Next: 3%
Magic:  6/6        EV: 13    Int:  9    God:
Gold:   17         SH:  0    Dex: 15    Spells: 6/6 levels left

rFire   . . .      SeeInvis .   a - +0 short sword
rCold   . . .      Faith    .   (no shield)
rNeg    . . .      Spirit   .   b - +0 leather armour
rPois   .          Reflect  .   (no helmet)
rElec   .          Harm     .   (no cloak)
rCorr   .          Rampage  .   (no gloves)
Will    .....                   (no boots)
Stlth   ++++......              (no amulet)
HPRegen 0.15/turn               (no ring)
MPRegen 0.10/turn               (no ring)

@: lethally poisoned (-4 -> -7)
A: fangs 1, strong nose, distributed training
a: no special abilities


You were on level 6 of the Dungeon.
You visited 1 branch of the dungeon, and saw 3 of its levels.

You collected 17 gold pieces.

Inventory:

Hand Weapons
 a - a +0 short sword (weapon)
Armour
 b - a +0 leather armour (worn)
Wands
 g - a wand of digging (3)
Scrolls
 c - 2 scrolls of fog
 d - a scroll of magic mapping
 e - a scroll of fear
 k - a scroll of identify {unknown}
Potions
 f - a potion of haste
 h - a potion of mutation {unknown}
 i - a potion of flight {unknown}
 j - a potion of might {unknown}


   Skills:
 + Level 6.6 Fighting
 + Level 4.7 Short Blades
 + Level 1.3 Long Blades
 + Level 1.3 Axes
 + Level 1.3 Maces & Flails
 + Level 1.3 Polearms
 + Level 1.3 Staves
 + Level 1.3 Slings
 + Level 1.3 Bows
 + Level 1.3 Crossbows
 + Level 1.3 Throwing
 + Level 1.3 Armour
 + Level 4.7 Dodging
 + Level 9.6 Stealth
 + Level 1.3 Shields
 + Level 1.3 Unarmed Combat
 + Level 1.3 Spellcasting
 + Level 1.0 Conjurations
 + Level 1.0 Hexes
 + Level 1.0 Summonings
 + Level 1.0 Necromancy
 + Level 1.0 Translocations
 + Level 1.0 Transmutations
 + Level 1.0 Fire Magic
 + Level 1.0 Ice Magic
 + Level 1.0 Air Magic
 + Level 1.0 Earth Magic
 + Level 1.0 Poison Magic
 + Level 1.4 Invocations
 + Level 1.3 Evocations


You had 6 spell levels left.
You didn't know any spells.
Your spell library contained the following spells:

 Spells                   Type           Power      Damage    Failure   Level
 Beastly Appendage        Tmut           4%         N/A       30%         1
 Wereblood                Tmut           2%         N/A       41%         2
 Spider Form              Tmut/Pois      2%         N/A       65%         3


Dungeon Overview and Level Annotations

Branches:
Dungeon (6/15)
 Temple: D:4-7

Altars:
Uskayaw

Shops:
D:6 =

Annotations:
D:5 Blork the orc
D:6 1 runed translucent door, Foxy's ghost, novice TrFi


Innate Abilities, Weirdness & Mutations

You have very sharp teeth.
Your uncanny sense of smell can sniff out nearby items.
Your experience applies equally to all skills.


Message History

The puff of flame hits you! The iguana attacks as you move away!
The iguana bites you but does no damage.
The iguana attacks as you move away! The iguana barely misses you.
The iguana attacks as you move away!
The iguana bites you but does no damage.
The iguana attacks as you move away! The iguana barely misses you.
The iguana attacks as you move away! The iguana closely misses you.
The iguana attacks as you move away! The iguana misses you.
The iguana attacks as you move away! The iguana misses you.
The iguana attacks as you move away! The iguana barely misses you.
Blork the orc mumbles some strange words.
Blork the orc seems to speed up.
The iguana attacks as you move away! The iguana bites you.
The iguana attacks as you move away! The iguana bites you!
Blork the orc looks encouraged for a moment.
The iguana attacks as you move away!
The iguana bites you but does no damage.
The iguana attacks as you move away! The iguana closely misses you.
Blork the orc screams, "I'm much stronger than you!"
The iguana attacks as you move away! The iguana misses you.
There is a stone staircase leading down, spattered with blood here.
The iguana misses you.
You climb downwards.
Level annotation: 1 runed translucent door, Foxy's ghost, novice TrFi The adder barely misses you.
The centaur shoots an arrow.
The arrow closely misses you. The adder bites you.
You are poisoned.
The adder poisons you! The orc hits you with a +0 mace.
* * * LOW HITPOINT WARNING * * *
The adder bites you but does no damage. The adder misses you.
The orc misses you.
There is a stone staircase leading up here.
You feel sick. The adder bites you but does no damage. The adder misses you.
The orc wizard hits you with a +0 dagger.
* * * LOW HITPOINT WARNING * * *
The orc hits you with a +0 mace.
* * * LOW HITPOINT WARNING * * *
The centaur shoots an arrow.
The arrow hits you.
You die...

#.# #......... #.#
#.......... #.#
+..........
#.##########..........
#...).)...............
#..#########..........
#..# #..........
##..#######
#..o.......
#.........#
#.l@.......
#.........#
#.oSS...c..
#.........#
######.....
#....>....# #....
#.(........ ....
#.........# ###
#.........#
#.........#
#.........#


You could see a centaur, an iguana, an orc wizard, 2 adders and an orc.

Vanquished Creatures
  A scorpion (D:6)
  A hound (D:5)
  A gnoll (D:6)
  An adder (D:6)
  4 orcs
8 creatures vanquished.

Vanquished Creatures (others)
  2 withered plants (D:6)
2 creatures vanquished.

Grand Total: 10 creatures vanquished

Notes
Turn   | Place    | Note
-------+----------+-------------------------------------------
     0 | D:5      | Reached skill level 9 in Stealth
     0 | D:5      | DocClef the Gnoll Delver began the quest for the Orb.
     0 | D:5      | Reached XP level 1. HP: 23/23 MP: 1/1
    12 | D:5      | Noticed Blork the orc
   298 | D:6      | Found a runed translucent door.
   298 | D:6      | Noticed Foxy's ghost (novice TrFi)
   331 | D:6      | Found Haxioddon's Jewellery Shoppe.
   336 | D:6      | Noticed a scorpion
   343 | D:6      | Killed a scorpion
   344 | D:6      | Reached skill level 1 in Long Blades
   344 | D:6      | Reached skill level 1 in Axes
   344 | D:6      | Reached skill level 1 in Maces & Flails
   344 | D:6      | Reached skill level 1 in Polearms
   344 | D:6      | Reached skill level 1 in Staves
   344 | D:6      | Reached skill level 1 in Slings
   344 | D:6      | Reached skill level 1 in Bows
   344 | D:6      | Reached skill level 1 in Crossbows
   344 | D:6      | Reached skill level 1 in Throwing
   344 | D:6      | Reached skill level 1 in Armour
   344 | D:6      | Reached skill level 1 in Shields
   344 | D:6      | Reached skill level 1 in Unarmed Combat
   344 | D:6      | Reached skill level 1 in Spellcasting
   344 | D:6      | Reached skill level 1 in Invocations
   344 | D:6      | Reached skill level 1 in Evocations
   344 | D:6      | Reached XP level 2. HP: 29/29 MP: 1/3
   344 | D:6      | Reached XP level 3. HP: 35/35 MP: 1/4
   344 | D:6      | Reached XP level 4. HP: 41/41 MP: 1/5
   548 | D:6      | Noticed an acid dragon
   555 | D:6      | Noticed a centaur
   573 | D:5      | Reached skill level 1 in Conjurations
   573 | D:5      | Reached skill level 1 in Hexes
   573 | D:5      | Reached skill level 1 in Summonings
   573 | D:5      | Reached skill level 1 in Necromancy
   573 | D:5      | Reached skill level 1 in Translocations
   573 | D:5      | Reached skill level 1 in Transmutations
   573 | D:5      | Reached skill level 1 in Fire Magic
   573 | D:5      | Reached skill level 1 in Ice Magic
   573 | D:5      | Reached skill level 1 in Air Magic
   573 | D:5      | Reached skill level 1 in Earth Magic
   573 | D:5      | Reached skill level 1 in Poison Magic
   588 | D:5      | Reached XP level 5. HP: 8/47 MP: 6/6
   848 | D:4      | Found a hide-covered altar of Uskayaw.
   899 | D:6      | HP: 2/47 [orc/+0 mace (5)]
   899 | D:6      | Shot with an arrow by a centaur

Illustrated notes

Levels and vault maps discovered:
D:4:      minmay_general_purpose_star, layout_basic,
          nicolae_overflow_hidden_temple, minmay_temple_entry_butterflies,
          serial_rivers, chequers_serial_rivers_micro_a,
          chequers_serial_rivers_room_a, chequers_serial_rivers_marsh,
          chequers_serial_rivers_large_a, guppyfry_shop_venom, uniq_eustachio
D:5:      layout_basic, grunt_temple_overflow_open, minmay_door_square,
          uniq_blork_the_orc
D:6:      cheibrodos_fzero, layout_basic, gammafunk_ghost_grave, serial_shops,
          nicolae_shop_trees, uniq_grinder

Skill      XL: |  1  2  3  4 |
---------------+-------------+-----
Stealth        | |  9.6
Long Blades    | 1 |  1.3
Axes           | 1 |  1.3
Maces & Flails | 1 |  1.3
Polearms       | 1 |  1.3
Staves         | 1 |  1.3
Slings         | 1 |  1.3
Bows           | 1 |  1.3
Crossbows      | 1 |  1.3
Throwing       | 1 |  1.3
Armour         | 1 |  1.3
Shields        | 1 |  1.3
Unarmed Combat | 1 |  1.3
Spellcasting   | 1 |  1.3
Invocations    | 1 |  1.4
Evocations     | 1 |  1.3
Conjurations   | 1 |  1.0
Hexes          | 1 |  1.0
Summonings     | 1 |  1.0
Necromancy     | 1 |  1.0
Translocations | 1 |  1.0
Transmutations | 1 |  1.0
Fire Magic     | 1 |  1.0
Ice Magic      | 1 |  1.0
Air Magic      | 1 |  1.0
Earth Magic    | 1 |  1.0
Poison Magic   | 1 |  1.0
Fighting       | |  6.6
Short Blades   | |  4.7
Dodging        | |  4.7

Action                   |  1- 3 |  4- 6 || total
-------------------------+-------+-------++-------
Melee: Short sword       |     8 |    42 ||    50
       Bite              |       |     3 ||     3
 Stab: Sleeping          |     1 |       ||     1
Armor: Leather armour    |     1 |    15 ||    16
Dodge: Dodged            |     6 |    48 ||    54

Table legend: (Time is in decaauts)
 A = Elapsed time spent in this place.
 B = Non-inter-level travel time spent in this place.
 C = Inter-level travel time spent in this place.
 D = Time resting spent in this place.
 E = Time spent auto-exploring this place.
 F = Levels seen in this place.
 G = Mean time per level.
                   A        B        C        D        E       F      G
               +--------+--------+--------+--------+--------+-----+--------+
         Total |    892 |    882 |     10 |    486 |    190 |   3 |  297.3 |
       Dungeon |    892 |    882 |     10 |    486 |    190 |   3 |  297.3 |
               +--------+--------+--------+--------+--------+-----+--------+

Top non-repeatable levels by time:
     D:6: 535 daAuts
     D:5: 282 daAuts
     D:4: 74 daAuts
